 Dungeon Crawl Stone Soup version 0.30-a0-165-g1891117ce2 (webtiles) character file.

Game seed: 8086453009085095418

0 LnG the Caller (level 1, -2/10 HPs)
             Began as a Kobold Summoner on Sept 28, 2022.
             Slain by an endoplasm (3 damage)
             ... on level 1 of the Dungeon.
             The game lasted 00:00:48 (96 turns).

LnG the Caller (Kobold Summoner)                      Turns: 96, Time: 00:00:50

Health: -2/10      AC:  2    Str:  5    XL:     1   Next: 0%
Magic:  1/3        EV: 15    Int: 16    God:
Gold:   19         SH:  0    Dex: 15    Spells: 3/4 levels left

rFire   . . .      SeeInvis .    (weapon restricted)
rCold   . . .      Faith    .    (no shield)
rNeg    . . .      Spirit   .    a - +0 robe
rPois   .          Reflect  .    (no helmet)
rElec   .          Harm     .    (no cloak)
rCorr   .          Rampage  .    (no gloves)
Will    .....                    (no boots)
Stlth   +++.......               (no amulet)
HPRegen 0.03/turn                (no ring)
MPRegen 0.08/turn                (no ring)

@: no status effects
A: small, no large weapons, nightstalker 3
a: no special abilities


You were on level 1 of the Dungeon.
You visited 1 branch of the dungeon, and saw 1 of its levels.

You collected 19 gold pieces.

Inventory:

Armour
 a - a +0 robe (worn)
Scrolls
 d - a scroll of fear {unknown}
 e - a scroll of identify {unknown}
Potions
 b - a potion of magic


   Skills:
 + Level 2.4 Dodging
 + Level 2.6 Stealth
 + Level 2.1 Spellcasting
 + Level 4.0 Summonings


You had 3 spell levels left.
You knew the following spells:

 Your Spells              Type           Power      Damage    Failure   Level
a - Summon Small Mammal   Summ           56%        N/A       4%          1

Your spell library contained the following spells:

 Spells                   Type           Power      Damage    Failure   Level
 Call Imp                 Summ           14%        N/A       6%          2
 Call Canine Familiar     Summ           14%        N/A       12%         3
 Summon Guardian Golem    Hex/Summ       8%         N/A       26%         3
 Summon Lightning Spire   Summ/Air       8%         N/A       65%         4


Dungeon Overview and Level Annotations

Branches:
Dungeon (1/15)

Altars:


Innate Abilities, Weirdness & Mutations

You are small and have problems with some larger weapons.
You are completely attuned to the shadows.


Message History

The bat closely misses you.
Your quokka misses the hobgoblin. Your bat misses the hobgoblin.
The hobgoblin barely misses your quokka.
An endoplasm comes into view.
Your bat barely misses the hobgoblin.
The bat closely misses you.
Your quokka bites the hobgoblin.
The hobgoblin barely misses your quokka.
The bat barely misses your quokka. The bat hits you.
Your quokka closely misses the hobgoblin.
Your bat hits the endoplasm but does no damage.
The bat hits you. The hobgoblin misses your quokka.
Your quokka barely misses the hobgoblin.
The bat misses you.
Your bat hits the endoplasm. The bat closely misses your quokka.
Your quokka barely misses the hobgoblin.
The bat hits you but does no damage.
The hobgoblin closely misses your quokka.
Your bat hits the hobgoblin. The bat barely misses your quokka.
Your bat misses the hobgoblin. The bat misses you.
Your quokka closely misses the hobgoblin.
The bat barely misses your bat.
The hobgoblin completely misses your quokka.
The endoplasm hits you.
Your bat closely misses the bat.
You miss the bat. The bat closely misses you.
Your bat hits the hobgoblin but does no damage.
Your quokka closely misses the hobgoblin.
The hobgoblin misses your bat. The endoplasm freezes you.
You are frozen.
Ouch! That really hurt!
* * * LOW HITPOINT WARNING * * *
As you read the scroll labelled BEHIFF VUXTYNE, it crumbles to dust.
You feel aware of your surroundings.
It was a scroll of magic mapping.
Your bat barely misses the hobgoblin.
The bat closely misses you.
Your quokka bites the hobgoblin.
The hobgoblin dies!
The endoplasm hits you.
You die...

*,*******,,,,,,,****
,,,,,,,,,,,,,,,,,,>****
*,***,,,,,,,,,,,,,,,,,*
*,***,***,,,,,,,,,,,,,*
,,*,*,***,,,.........,*
*,,,,,,,*,,*#........,*
,,*****,*,**#br......,*
,** *,*,* #..bJ....,*
*******,,,* ***#@#*,,**
~~~~~~~********#.#*~,*
,,,,,.~....#,,,#.#,~,*
*****.~~~~.###,#.#.~.#
,,,,,,...~...#,#.#.~.#
########.~~~.#.#.#.~.#
...........~...#.#.~.#
.###.~~~~~.~~~.#.).~.#
.#...~...~...~.#.~~~.#


You could see an endoplasm, a bat, a friendly quokka (summoned) and a friendly
bat (summoned).

Vanquished Creatures (collateral kills)
  A hobgoblin (D:1)
1 creature vanquished.

Notes
Turn   | Place    | Note
-------+----------+-------------------------------------------
     0 | D:1      | LnG the Kobold Summoner began the quest for the Orb.
     0 | D:1      | Reached XP level 1. HP: 10/10 MP: 3/3
    96 | D:1      | Slain by an endoplasm

Illustrated notes

Levels and vault maps discovered:
D:1:      psy_arrival_radial02, layout_basic, serial_forest,
          infiniplex_forest_straight_2, infiniplex_forest_lined_1,
          infiniplex_forest_clump_tiny, infiniplex_forest_end_3,
          infiniplex_forest_lined_corner, infiniplex_forest_clump_curved,
          infiniplex_forest_split, infiniplex_forest_3_way, minmay_tetromino_s2

Action                   || total
-------------------------++-------
Melee: Unarmed           ||     1
 Cast: Summon Small Mamm ||     2
  Use: Scroll            ||     1
Armor: Robe              ||     1
Dodge: Dodged            ||     6

Table legend: (Time is in decaauts)
 A = Elapsed time spent in this place.
 B = Non-inter-level travel time spent in this place.
 C = Inter-level travel time spent in this place.
 D = Time resting spent in this place.
 E = Time spent auto-exploring this place.
 F = Levels seen in this place.
 G = Mean time per level.
                   A        B        C        D        E       F      G
               +--------+--------+--------+--------+--------+-----+--------+
         Total |     99 |     99 |      0 |      0 |     84 |   1 |   99.0 |
       Dungeon |     99 |     99 |      0 |      0 |     84 |   1 |   99.0 |
               +--------+--------+--------+--------+--------+-----+--------+

Top non-repeatable levels by time:
     D:1: 99 daAuts
